 Dungeon Crawl Stone Soup version 0.19.5 (webtiles) character file.

7921 miloradov the Slasher (level 11, -2/75 HPs)
             Began as a Human Fire Elementalist on Feb 10, 2017.
             Was an Elder of Vehumet.
             Slain by a slime creature (10 damage)
             ... on level 10 of the Dungeon on Mar 6, 2017.
             The game lasted 01:35:44 (14491 turns).

miloradov the Slasher (Human Fire Elementalist)    Turns: 14491, Time: 01:35:45

Health: -2/75      AC: 10    Str: 12    XL:     11   Next: 46%
Magic:  11/19      EV: 15    Int: 24    God:    Vehumet [****..]
Gold:   610        SH:  4    Dex: 14    Spells: 6 memorised, 4 levels left

rFire  . . .     SeeInvis .     a - +3 falchion (freeze)
rCold  . . .     Gourm    .     M - +3 leather armour of the Iron City of Dis {Int+7}
rNeg   . . .     Faith    .     (no shield)
rPois  +         Spirit   .     (no helmet)
rElec  .         Reflect  .     i - +0 cloak
rCorr  .         Harm     .     I - +1 pair of gloves
MR     .....                    B - +0 pair of boots
Stlth  ++........               (no amulet)
                                l - +4 ring of strength
                                p - ring of poison resistance

@: about to teleport
A: large bone plates 1, dopey 1, low mp 1
a: Renounce Religion


You were on level 10 of the Dungeon.
You worshipped Vehumet.
Vehumet was greatly pleased with you.
You were not hungry.

You visited 2 branches of the dungeon, and saw 11 of its levels.

You collected 610 gold pieces.

Inventory:

Hand Weapons
 a - a +3 falchion of freezing (weapon)
 b - a +0 shortbow
 H - a +2 dagger of flaming
Missiles
 o - a throwing net (quivered)
 A - 94 arrows
Armour
 i - a +0 cloak (worn)
 w - the cursed +1 ring mail "Itutwo" {rF+ rCorr Dex-3 SInv, unknown}
   (You found it on level 10 of the Dungeon)

   It affects your dexterity (-3).
   It protects you from fire.
   It lets you see invisible.
   It protects you from acid and corrosion.
   It has a curse placed upon it.
 B - a +0 pair of boots (worn)
 I - a +1 pair of gloves (worn)
 M - the +3 leather armour of the Iron City of Dis (worn) {Int+7}
   (You found it on level 9 of the Dungeon)

   It affects your intelligence (+7).
Jewellery
 g - an uncursed ring of stealth
 l - a +4 ring of strength (right hand)
 p - a ring of poison resistance (left hand)
 s - a +4 ring of evasion
 E - a +4 ring of dexterity
 N - a cursed ring of teleportation {unknown}
 O - an uncursed ring of protection from magic {unknown}
Wands
 e - a wand of enslavement (0/24)
 j - a wand of confusion (27/48)
 v - a wand of random effects (30/48)
 J - a wand of disintegration (9/24)
 K - a wand of paralysis (12/24)
Scrolls
 f - a scroll of noise {unknown}
 h - 2 scrolls of fog
 m - 4 scrolls of remove curse
 x - a scroll of magic mapping {unknown}
 G - a scroll of immolation
Potions
 k - 2 potions of resistance
 q - 2 potions of brilliance
 r - 3 potions of flight
 t - a potion of cancellation
 C - a potion of magic
 F - 2 potions of might
Books
 d - a book of Geomancy

   Spells                             Type                      Level
   a - Sandblast                      Earth                        1
   b - Passwall                       Transmutation/Earth          2
   c - Stone Arrow                    Conjuration/Earth            3
   d - Petrify                        Transmutation/Earth          4
   e - Lee's Rapid Deconstruction     Earth                        5
 z - a book of Flames

   Spells                             Type                      Level
   a - Flame Tongue                   Conjuration/Fire             1
   b - Throw Flame                    Conjuration/Fire             2
   c - Conjure Flame                  Conjuration/Fire             3
   d - Inner Flame                    Hexes/Fire                   3
   e - Sticky Flame                   Conjuration/Fire             4
   f - Fireball                       Conjuration/Fire             5
Comestibles
 c - 6 bread rations
 D - 2 royal jellies


   Skills:
 + Level 3.4 Fighting
 + Level 1.2(5.0) Short Blades
 + Level 7.7(7.8) Long Blades
 + Level 2.2 Bows
 + Level 0.2 Throwing
 + Level 2.2 Armour
 + Level 6.3 Dodging
 + Level 4.2 Stealth
 * Level 7.3 Spellcasting
 * Level 7.5 Conjurations
 * Level 6.9 Fire Magic
 + Level 0.2 Evocations


You had 4 spell levels left.
You knew the following spells:

 Your Spells              Type           Power        Failure   Level  Hunger
a - Flame Tongue          Conj/Fire      #####        1%          1    None
b - Throw Flame           Conj/Fire      #####.       1%          2    None
c - Sticky Flame          Conj/Fire      #####...     1%          4    ###....
d - Conjure Flame         Conj/Fire      #####...     1%          3    None
e - Fireball              Conj/Fire      #####.....   4%          5    #####..
g - Bolt of Magma         Conj/Fire/Erth ####......   10%         5    #####..


Dungeon Overview and Level Annotations

Branches:
Dungeon (10/15)            Temple (1/1) D:4
   Lair: D:8-11         Orc: D:9-12

Altars:
Ashenzari
Cheibriados
Dithmenos
Elyvilon
Fedhas
Gozag
Hepliaklqana
Kikubaaqudgha
Makhleb
Nemelex Xobeh
Okawaru
Qazlal
Ru
Sif Muna
Trog
Uskayaw
Vehumet
Xom
Yredelemnul
Zin
The Shining One

Shops:
D:9 }

Annotations:
D:4 Pikel
D:10 Fannar, Snorg


Innate Abilities, Weirdness & Mutations

You are partially covered in large bone plates. (SH +4)
You are dopey. (Int -2)
Your magical capacity is low. (-10% MP)


Message History

The flame tongue hits the slime creature.
The slime creature is severely wounded.
The slime creature hits you!
Casting: Flame Tongue
Confirm with . or Enter, or press ? or * to list all spells.
Aiming: Flame Tongue
Press: ? - help, Shift-Dir - straight line, f/p - slime creature
Aim: a slime creature (severely wounded)
The flame tongue hits the slime creature.
The slime creature is almost dead.
The slime creature hits you!
* * * LOW HITPOINT WARNING * * *
Okay, then.
As you read the scroll of teleportation, it crumbles to dust.
You feel strangely unstable. The slime creature hits you!
* * * LOW HITPOINT WARNING * * *
Okay, then.
The slime creature misses you. The slime creature hits you!
You die...

.# .# .# .# .#
#### .# #..##
##### .# #...#
#...# ## ##...#
#.J.# # #....#
#..@# ## #....#
#...# .######...#
#...# .##..##...#
#...# ...<......#
#...# ..........#
#...# ..........#
#...#
.##......######..#
.##......##..##..#


You could see a slime creature.

Vanquished Creatures
  A hill giant (D:10)
  Joseph (D:8)
  A troll (D:10)
  2 hippogriffs
  A spriggan (D:8)
  4 yaks (D:10)
  Menkaure (D:5)
  2 water moccasins
  6 ice beasts
  A black bear (D:8)
  5 orc warriors
  An eye of draining (D:10)
  5 sky beasts
  An ogre (D:10)
  3 phantoms
  2 necrophages (D:9)
  4 centaurs
  5 big kobolds
  4 bullfrogs
  A gnoll sergeant (D:5)
  A wyvern zombie (D:10)
  2 water moccasin skeletons
  4 scorpions
  5 killer bees (D:10)
  2 wights (D:9)
  A howler monkey (D:4)
  4 jellies
  A bullfrog zombie (D:8)
  3 crimson imps
  8 orc wizards
  2 centaur skeletons (D:6)
  A quasit (D:6)
  Crazy Yiuf (D:4)
  2 hounds
  5 orc priests
  2 bullfrog skeletons
  4 iguanas
  9 worker ants
  Natasha (thrice) (D:4)
  6 gnolls
  12 adders
  5 shadow imps
  3 oozes
  2 adder skeletons
  2 adder zombies
  4 worms
  6 dart slugs
  2 leopard geckos
  32 orcs
  4 giant cockroaches
  7 goblins
  8 hobgoblins
  10 jackals
  3 quokkas (D:3)
  2 ball pythons
  3 bats
  10 frilled lizards
  25 kobolds
  A leopard gecko skeleton (D:4)
  A leopard gecko zombie (D:7)
  A quokka skeleton (D:7)
  A quokka zombie (D:6)
  6 rats
267 creatures vanquished.

Vanquished Creatures (others)
  A bullfrog (D:9)
  A worker ant (D:4)
  A quokka skeleton (D:4)
3 creatures vanquished.

Grand Total: 270 creatures vanquished

Notes
Turn   | Place    | Note
-------+----------+-------------------------------------------
     0 | D:1      | miloradov the Human Fire Elementalist began the quest for the Orb.
     0 | D:1      | Reached XP level 1. HP: 13/13 MP: 3/3
   215 | D:1      | Reached XP level 2. HP: 19/19 MP: 1/5
   569 | D:1      | Reached XP level 3. HP: 17/24 MP: 0/6
  1169 | D:1      | Learned a level 2 spell: Throw Flame
  1605 | D:1      | Reached XP level 4. HP: 18/30 MP: 7/7
  2326 | D:2      | Reached XP level 5. HP: 35/35 MP: 9/9
  2629 | D:2      | Found a shattered altar of Ashenzari.
  2986 | D:3      | Reached skill level 1 in Short Blades
  3356 | D:3      | Learned a level 4 spell: Sticky Flame
  3562 | D:3      | Noticed a phantom
  3872 | D:2      | Gained mutation: Your magical capacity is low. (-10% MP) [potion of mutation]
  3872 | D:2      | Gained mutation: You are dopey. (Int -2) [potion of mutation]
  3872 | D:2      | Gained mutation: You are partially covered in large bone plates. (SH +4) [potion of mutation]
  4198 | D:4      | Reached XP level 6. HP: 10/42 MP: 5/9
  4427 | D:4      | Noticed Natasha
  4433 | D:4      | Killed Natasha
  4507 | D:4      | Reached skill level 1 in Long Blades
  4722 | D:4      | Found a staircase to the Ecumenical Temple.
  4731 | Temple   | Entered the Ecumenical Temple
  4806 | Temple   | Became a worshipper of Vehumet
  4918 | D:4      | Found a runed door.
  4964 | D:4      | Noticed a slave
  4992 | D:4      | Noticed Natasha
  5016 | D:5      | Entered Level 5 of the Dungeon
  5106 | D:5      | Found a basalt altar of Yredelemnul.
  5106 | D:5      | Found an opulent altar of Gozag.
  5295 | D:5      | Reached XP level 7. HP: 46/47 MP: 6/11
  5524 | D:5      | Noticed Menkaure
  5781 | D:4      | Reached skill level 1 in Fighting
  5942 | D:4      | Noticed Pikel
  6156 | D:4      | Noticed Crazy Yiuf
  6165 | D:4      | Killed Natasha
  6171 | D:4      | Killed Crazy Yiuf
  6374 | D:4      | Noticed Natasha
  6380 | D:4      | Killed Natasha
  6527 | D:5      | Reached XP level 8. HP: 36/54 MP: 7/12
  6579 | D:5      | Found a sacrificial altar of Ru.
  6986 | D:5      | Learned a level 3 spell: Conjure Flame
  7138 | D:5      | Killed Menkaure
  7941 | D:6      | Reached * piety under Vehumet
  7941 | D:6      | Offered knowledge of Freeze by Vehumet.
  7941 | D:6      | Reached skill level 1 in Bows
  8080 | D:6      | Reached XP level 9. HP: 50/59 MP: 4/14
  8359 | D:6      | Found a glowing silver altar of Zin.
  8376 | D:6      | Reached skill level 5 in Dodging
  8523 | D:6      | Reached skill level 5 in Spellcasting
  8615 | D:7      | Reached skill level 5 in Conjurations
  9268 | D:7      | Reached skill level 5 in Long Blades
  9373 | D:7      | Noticed a hippogriff
  9474 | D:7      | Killed a hippogriff
  9570 | D:8      | Reached skill level 5 in Fire Magic
  9711 | D:9      | Reached XP level 10. HP: 46/67 MP: 2/16
  9840 | D:9      | Found Guutueti's Gadget Emporium.
  9862 | D:9      | Reached ** piety under Vehumet
  9897 | D:9      | Got a translucent leather armour
  9908 | D:9      | Identified the +3 leather armour of the Iron City of Dis {Int+7} (You found it on level 9 of the Dungeon)
  9936 | D:9      | Learned a level 5 spell: Fireball
  9965 | D:9      | Offered knowledge of Shock by Vehumet.
 10000 | D:9      | Learned a level 1 spell: Shock
 11217 | D:9      | Offered knowledge of Dazzling Spray by Vehumet.
 11897 | D:8      | Reached *** piety under Vehumet
 11898 | D:8      | Reached skill level 1 in Armour
 12115 | D:8      | Noticed Joseph
 12130 | D:8      | Killed Joseph
 12411 | D:8      | Offered knowledge of Force Lance by Vehumet.
 12601 | D:10     | Entered Level 10 of the Dungeon
 12633 | D:10     | Reached XP level 11. HP: 35/74 MP: 19/19
 12805 | D:10     | Got a heavily runed ring mail
 13038 | D:10     | Noticed a hill giant
 13068 | D:10     | Killed a hill giant
 13484 | D:10     | Reached **** piety under Vehumet
 14157 | D:10     | Upgraded the game from 0.19.4-8-ga85b6b9 to 0.19.5
 14203 | D:10     | Offered knowledge of Bolt of Magma by Vehumet.
 14212 | D:10     | Learned a level 5 spell: Bolt of Magma
 14393 | D:10     | Noticed Fannar
 14399 | D:10     | Noticed Snorg
 14491 | D:10     | Slain by a slime creature

Skill      XL: |  1  2  3  4  5  6  7  8  9 10 11 |
---------------+----------------------------------+-----
Conjurations   | 2 3 4 5 7 |  7.5
Short Blades   | 1 |  1.2
Dodging        | 3 4 5 6 |  6.3
Spellcasting   | 3 4 5 6 7 |  7.3
Long Blades    | 1 2 4 5 6 7 |  7.7
Fighting       | 1 2 3 |  3.4
Fire Magic     | 4 5 6 |  6.9
Stealth        | 3 4 |  4.2
Bows           | 1 2 |  2.2
Armour         | 1 2 |  2.2
Throwing       | |  0.2
Evocations     | |  0.2

Action                   |  1- 3 |  4- 6 |  7- 9 | 10-12 || total
-------------------------+-------+-------+-------+-------++-------
Melee: Dagger            |    79 |    82 |    34 |       ||   195
       Scimitar          |       |    56 |   219 |    32 ||   307
       Falchion          |       |       |       |   239 ||   239
 Fire: Shortbow          |       |       |    27 |     1 ||    28
Throw: Throwing net      |       |     1 |     1 |     1 ||     3
 Cast: Flame Tongue      |    46 |    89 |    88 |   110 ||   333
       Throw Flame       |     1 |     1 |     9 |    24 ||    35
       Sticky Flame      |       |       |     5 |    10 ||    15
       Conjure Flame     |       |       |     3 |       ||     3
       Shock             |       |       |       |    25 ||    25
       Fireball          |       |       |       |     5 ||     5
       Bolt of Magma     |       |       |       |     1 ||     1
Evoke: Wand              |       |     1 |     2 |     8 ||    11
  Use: Potion            |       |     5 |     3 |     4 ||    12
       Scroll            |       |     2 |     8 |    11 ||    21
 Stab: Sleeping          |       |     3 |     8 |     2 ||    13
       Distracted        |       |       |     1 |       ||     1
  Eat: Chunk             |     3 |    11 |     1 |    10 ||    25
       Beef jerky        |       |       |     1 |     2 ||     3
       Bread ration      |       |       |     1 |     1 ||     2
       Meat ration       |       |       |     2 |       ||     2
       Pizza             |       |       |       |     1 ||     1
Armor: Robe              |    16 |    25 |    42 |     1 ||    84
       Leather armour    |       |       |       |    96 ||    96
       Skin              |       |       |       |     6 ||     6
Dodge: Dodged            |    62 |   118 |   205 |   226 ||   611
Block: Other             |       |    15 |    46 |    83 ||   144
       Rpst.: Scimitar   |       |    20 |    57 |     8 ||    85
       Falchion          |       |       |       |    56 ||    56
